Map: Cactus Valley LE (Void)

Players

Impact

  • Race: Terran Terran
  • League: Master
  • Spawn Location: 1:00

Railgan - Winner!

  • Race: Zerg Zerg
  • League: Grandmaster
  • Spawn Location: 11:00

VOD

Have the link to the VOD?

Description

Time

  • Played on: March 21, 2017, 8:07 p.m.
  • Length: 16:18
Show
View Real Time Build Order
Export as new Build Order

Impact Terran 

Build Orders: Reaper Expand, MMM Bio 

Get SALT Encoding   

  12  0:00  SCV  
  13  0:12  SCV  
  14  0:18  Supply Depot  
  14  0:25  SCV  
  15  0:39  SCV  
  15  0:41  Barracks  
  16  0:47  Refinery  
  16  0:52  SCV  
  17  1:04  SCV  
  18  1:16  SCV  
  19  1:30  Reaper, Orbital Command  
  20  1:39  Command Center  
  20  1:55  Supply Depot  
  20  1:57  SCV  
  21  2:02  Marine  
  22  2:10  Factory, SCV  
  23  2:22  SCV  
  24  2:25  Barracks Reactor  
  24  2:34  SCV  
  25  2:49  SCV  
  26  2:51  Command Center  
  26  2:55  Orbital Command  
  26  3:05  SCV  
  27  3:06  Barracks Tech Lab  
  27  3:08  Hellion x2  
  29  3:17  SCV  
  30  3:21  SCV  
  30  3:25  Marine, Stimpack  
  32  3:29  Hellion x2  
  37  3:36  SCV x2  
  38  3:45  Supply Depot  
  38  3:48  SCV x2  
  40  3:49  Marine  
  40  3:54  Refinery  
  41  4:00  SCV x2  
  43  4:03  Barracks  
  43  4:04  Barracks  
  43  4:07  Orbital Command  
  43  4:08  Factory Reactor  
  43  4:12  SCV x2  
  45  4:17  Marine  
  46  4:24  SCV x2  
  46  4:26  Engineering Bay x2  
  48  4:36  SCV x2  
  50  4:40  SCV  
  51  4:47  Starport  
  51  4:48  SCV x2  
  53  4:52  Marine  
  53  4:53  SCV  
  53  4:54  Marine  
  53  4:55  Marine, Factory Reactor, Supply Depot  
  53  4:59  Refinery  
  57  5:00  SCV  
  57  5:01  Refinery, SCV  
  57  5:06  Marine x2  
  58  5:08  Orbital Command  
  58  5:10  Marine  
  58  5:12  Marine  
  60  5:16  SCV x2  
  60  5:17  Terran Infantry Weapons Level 1  
  60  5:18  Terran Infantry Armor Level 1  
  62  5:23  Marine  
  62  5:24  Marine x2  
  65  5:28  Marine  
  65  5:30  Marine  
  65  5:35  Barracks  
  67  5:36  Barracks  
  67  5:41  SCV x3  
  67  5:42  Medivac x2, Marine  
  74  5:43  Factory Reactor  
  74  5:44  Marine x2  
  77  5:52  Supply Depot  
  77  5:56  Supply Depot  
  77  6:02  Bunker  
  77  6:13  Marine x5  
  77  6:14  SCV x3  
  85  6:24  Medivac  
  80  6:26  SCV x3  
  80  6:31  Marine x5  
  81  6:33  Factory Tech Lab  
  81  6:38  SCV x2  
  81  6:40  Barracks Reactor  
  81  6:45  Supply Depot, Armory  
  81  6:46  Supply Depot  
  81  6:47  Marine  
  81  6:48  Marine  
  81  6:49  Marine x5  
  81  6:51  Combat Shields  
  91  6:55  Siege Tank  
  91  7:05  Marine, SCV  
  91  7:07  Marine x5, SCV x2  
  99  7:13  Marine  
  99  7:14  Medivac  
  98  7:21  Medivac, Marine x2  
  100  7:23  Marine  
  100  7:24  Marine x3  
  100  7:25  Marine x2  
  100  7:26  Refinery, SCV x3  
  109  7:42  Supply Depot  
  109  7:43  Supply Depot x2  
  109  7:46  Barracks, Supply Depot  
  109  8:03  Marine x6, SCV x2  
  109  8:04  Marine x3, SCV, Siege Tank  
  109  8:05  Medivac x2  
  103  8:21  Marine x6  
  103  8:22  Marine x3  
  103  8:27  Terran Infantry Weapons Level 2  
  107  8:30  Barracks, Terran Infantry Armor Level 2  
  107  8:31  Barracks  
  107  8:37  Siege Tank, Barracks Reactor  
  107  8:39  Marine x6  
  107  8:40  Marine  
  117  8:49  Marine x2  
  117  8:52  Medivac x2  
  123  8:56  Marine x4  
  123  9:01  Supply Depot  
  123  9:02  Marine x2, Marauder, Supply Depot  
  131  9:07  Marine x2  
  133  9:14  Marine x4  
  133  9:15  Siege Tank  
  140  9:18  SCV  
  140  9:19  Barracks Reactor  
  140  9:20  Barracks Tech Lab  
  140  9:23  Marine x3  
  144  9:25  Supply Depot  
  144  9:26  Supply Depot  
  144  9:27  Marine x2  
  144  9:28  Marine x2  
  148  9:32  Marine x2  
  148  9:36  Marine  
  148  9:37  Marine  
  149  9:41  Marine x3  
  147  9:47  Siege Tank  
  139  9:59  Command Center  
  118  10:04  Marine  
  118  10:05  Marine x4  
  118  10:06  Marine x6  
  117  10:13  Marine  
  114  10:17  Command Center  
  111  10:22  Marine  
  111  10:23  Marine x2  
  114  10:34  Marine x2, Marauder  
  111  10:40  Marine  
  111  10:41  Marine x3  
  109  10:51  Marine x4  
  109  10:52  Marine  
  109  10:53  Marine  
  115  10:59  Missile Turret  
  115  11:07  Marine  
  115  11:09  Marine  
  115  11:11  Marine x5  
  118  11:13  Marine  
  123  11:20  Marine  
  123  11:21  Marine x2  
  126  11:26  Marine x2  
  126  11:31  Siege Tank  
  131  11:38  Orbital Command  
  131  11:45  Medivac  
  131  11:46  Medivac  
  135  11:52  Marine  
  135  11:53  Marine x3  
  139  11:54  Marine  
  139  11:57  Marine  
  139  12:01  Marine  
  138  12:02  Marine x2  
  138  12:06  Siege Tank  
  139  12:21  Medivac x2  
  139  12:22  Marine  
  143  12:23  Marine x8  
  143  12:25  Marine  
  152  12:32  SCV x3  
  152  12:35  Marine x3  
  158  12:48  Marine x2  
  149  13:00  Siege Tank  
  149  13:01  Medivac x2  
  155  13:12  Marine  
  151  13:19  Marine  
  139  13:20  Marine, Orbital Command  
  138  13:30  Marine  
  138  13:31  Medivac x2, Marine  
  138  13:32  Siege Tank  
  146  13:36  Marine  
  146  13:38  Marine x2  
  146  13:41  Marine x2  
  148  13:51  Marine  
  126  14:04  Siege Tank, Marine x6  
  133  14:16  Missile Turret  
  126  14:18  Marine x4, Marauder  
  126  14:19  Marine  
  126  14:20  Marine  
  126  14:21  Marine  
  135  14:24  Medivac  
  135  14:28  Medivac  
  138  14:34  Marine  
  138  14:36  Siege Tank  
  136  14:46  SCV x2, Orbital Command  
  138  14:58  Marine x3  
  138  14:59  Marine x4  
  132  15:04  Marine  
  132  15:05  Marine x4  
  107  15:08  Siege Tank  
  107  15:12  Medivac x2  
  110  15:20  SCV x3  
  112  15:23  Marine x2  
  112  15:24  Marauder  
  112  15:27  Marine  
  111  15:28  Marine  
  112  15:40  Siege Tank  
  114  15:47  Marine x8, Marauder  
  110  15:59  Marine x3  
Show
View Real Time Build Order
Export as new Build Order

Railgan Zerg - Winner!

Build Orders: Pool First, Lurkers 

Get SALT Encoding   

  12  0:01  Drone  
  13  0:13  Overlord  
  13  0:18  Drone  
  14  0:31  Drone x2  
  16  0:35  Drone  
  17  0:48  Drone  
  18  0:50  Spawning Pool  
  17  1:02  Drone  
  18  1:15  Hatchery  
  17  1:19  Extractor  
  17  1:23  Drone x2  
  18  1:31  Drone  
  19  1:36  Queen  
  19  1:39  Zergling x2  
  22  1:50  Overlord  
  22  2:10  Drone  
  22  2:11  Drone  
  22  2:12  Queen  
  26  2:23  Drone  
  26  2:24  Metabolic Boost  
  26  2:26  Queen  
  26  2:28  Drone  
  30  2:42  Drone  
  30  2:43  Drone  
  30  2:44  Overlord  
  32  2:47  Drone  
  32  2:48  Drone  
  34  2:51  Overlord  
  34  2:54  Evolution Chamber  
  34  2:57  Drone  
  34  2:59  Drone  
  35  3:09  Drone  
  35  3:12  Drone  
  36  3:19  Drone  
  37  3:21  Drone x4  
  37  3:22  Zerg Ground Armor Level 1  
  41  3:31  Overlord  
  41  3:32  Drone  
  42  3:45  Drone  
  42  3:46  Extractor, Drone  
  43  3:49  Extractor  
  43  3:51  Extractor  
  43  3:53  Drone, Hatchery  
  43  3:54  Drone x3  
  45  3:57  Zergling x4  
  45  3:59  Zergling x2  
  48  4:05  Lair  
  48  4:07  Zergling x2  
  49  4:14  Baneling Nest, Drone x2  
  50  4:20  Zergling x2  
  51  4:25  Zergling x6  
  51  4:26  Queen  
  51  4:29  Overlord  
  56  4:34  Overlord  
  56  4:48  Drone x2  
  56  4:49  Drone x2  
  56  4:52  Extractor  
  59  4:55  Zergling x4  
  61  5:03  Zergling x4  
  62  5:08  Drone x2  
  62  5:09  Queen  
  62  5:10  Drone  
  62  5:12  Hydralisk Den, Drone  
  62  5:13  Drone  
  66  5:17  Evolution Chamber  
  65  5:22  Zergling x6  
  65  5:23  Baneling x2  
  65  5:25  Drone x2  
  70  5:28  Zerg Ground Armor Level 2  
  70  5:30  Zergling x2  
  71  5:36  Overlord  
  71  5:39  Drone  
  72  5:48  Drone  
  72  5:49  Hydralisk x3, Overseer  
  75  5:53  Muscular Augments  
  75  5:55  Drone  
  81  5:57  Drone  
  81  5:58  Drone  
  81  6:01  Drone x2  
  81  6:02  Drone  
  81  6:04  Baneling x2  
  84  6:10  Drone x2  
  85  6:12  Drone x2  
  85  6:13  Drone x2  
  88  6:19  Drone  
  88  6:20  Drone  
  87  6:26  Hydralisk  
  87  6:28  Drone, Overlord  
  87  6:29  Extractor, Overlord  
  87  6:30  Extractor, Zerg Missile Weapons Level 1  
  87  6:35  Overlord  
  87  6:37  Baneling  
  87  6:38  Baneling x2  
  87  6:43  Hydralisk  
  87  6:45  Overlord  
  87  6:46  Drone x2  
  87  6:47  Drone  
  92  6:49  Hydralisk x2  
  92  6:51  Baneling x2  
  92  6:52  Hydralisk x2  
  100  6:57  Hydralisk x2  
  100  6:59  Zergling x2  
  104  7:02  Hydralisk  
  104  7:07  Hydralisk  
  107  7:13  Hydralisk  
  107  7:17  Hydralisk  
  107  7:18  Hydralisk x4  
  116  7:24  Zergling x2  
  116  7:25  Zergling x8  
  116  7:27  Lurker Den  
  121  7:32  Pneumatized Carapace  
  121  7:36  Zergling x2  
  122  7:42  Overlord  
  122  7:48  Hatchery  
  122  7:51  Drone  
  122  7:54  Overlord  
  122  8:02  Hydralisk  
  122  8:03  Hydralisk x3  
  122  8:04  Overlord  
  122  8:05  Overlord x2  
  130  8:08  Overlord  
  123  8:17  Hydralisk x7  
  123  8:18  Overlord x7  
  126  8:25  Drone  
  126  8:26  Drone  
  126  8:30  Zergling x10  
  126  8:31  Zerg Missile Weapons Level 2  
  131  8:42  Zergling x10  
  137  8:55  Lurker x2  
  137  8:56  Lurker x3  
  137  8:57  Zergling x4  
  137  8:58  Zergling x6  
  146  9:03  Zergling x6  
  146  9:05  Spine Crawler  
  146  9:07  Overlord  
  146  9:09  Zergling x2  
  149  9:18  Hydralisk  
  149  9:19  Hydralisk x4  
  149  9:22  Hydralisk  
  161  9:27  Lurker x2  
  161  9:28  Hydralisk  
  154  9:44  Hydralisk x6  
  145  9:58  Hydralisk x4  
  133  10:03  Hydralisk  
  133  10:04  Hydralisk  
  131  10:10  Zergling x2  
  131  10:11  Zergling x20  
  134  10:15  Zergling x4  
  134  10:23  Hydralisk  
  134  10:34  Hydralisk  
  134  10:35  Hydralisk  
  136  10:44  Hatchery  
  136  10:46  Hydralisk x2  
  139  10:52  Hydralisk x2, Zergling x10  
  139  10:56  Lurker x4  
  139  10:57  Lurker  
  150  11:03  Hydralisk x2  
  154  11:04  Zergling x2  
  154  11:09  Overlord  
  155  11:25  Hydralisk  
  155  11:26  Hydralisk x6  
  155  11:30  Hydralisk  
  170  11:35  Overlord  
  170  11:37  Hydralisk x3  
  172  12:14  Hydralisk x6  
  184  12:17  Infestation Pit, Hydralisk, Zerg Melee Weapons Level 1  
  184  12:18  Hydralisk x2  
  189  12:26  Hydralisk, Spine Crawler  
  189  12:28  Overlord  
  189  12:29  Overlord  
  190  12:37  Overlord  
  175  13:01  Hydralisk x5  
  175  13:02  Hydralisk x3  
  186  13:10  Zergling x12  
  184  13:17  Hydralisk x2  
  167  13:23  Hydralisk  
  166  13:27  Hive  
  166  13:29  Zergling x6  
  164  13:42  Hydralisk  
  164  13:43  Hydralisk x2  
  170  13:50  Hatchery  
  155  14:00  Hydralisk x5  
  155  14:01  Hydralisk  
  155  14:02  Hydralisk x4  
  170  14:05  Drone  
  169  14:11  Lurker  
  169  14:13  Lurker x3  
  170  14:37  Drone  
  170  14:38  Drone x2  
  168  14:39  Drone  
  169  14:47  Viper x2  
  169  14:49  Drone x3  
  152  15:10  Viper  
  155  15:17  Drone x3  
  155  15:20  Extractor  
  154  15:21  Extractor  
  154  15:24  Hydralisk  
  155  15:29  Zergling x2  
  155  15:30  Zergling x6  
  158  15:36  Hydralisk x4  
  158  15:37  Hydralisk x4  
Tags
 
Add a new tag
Caveats
  • Supply blocks, unpowered buildings, or Contaminate may cause inaccurate times.
  • Supply counts are checked every 10 seconds.